 Dungeon Crawl Stone Soup version 0.30-b1-2-g02819fbbbe (webtiles) character file.

Game seed: 7973735203218220593

51 snakesoul the Digger (level 3, 0/19 HPs)
             Began as a Deep Elf Earth Elementalist on June 12, 2023.
             Slain by an iguana (10 damage)
             ... on level 2 of the Dungeon.
             The game lasted 00:01:47 (982 turns).

snakesoul the Digger (Deep Elf Earth Elementalist)   Turns: 982, Time: 00:01:48

Health: 0/19       AC:  2    Str:  5    XL:     3   Next: 57%
Magic:  6/10       EV: 12    Int: 21    God:
Gold:   49         SH:  0    Dex: 15    Spells: 5/9 levels left

rFire   . . .        e - +0 spear
rCold   . . .        (no shield)
rNeg    . . .        a - +0 robe
rPois   .            (no helmet)
rElec   .            (no cloak)
rCorr   .            (no gloves)
SInv    .            (no boots)
Will    .....        (no amulet)
Stlth   ++           (no ring)
HPRegen 0.23/turn    (no ring)
MPRegen 0.12/turn

%: no passive effects
@: no status effects
A: no striking features
a: no special abilities


You were on level 2 of the Dungeon.
You visited 1 branch of the dungeon, and saw 2 of its levels.

You collected 49 gold pieces.

Inventory:

Hand Weapons
 e - a +0 spear (weapon)
Armour
 a - a +0 robe (worn)
 h - a +2 ring mail of fire resistance
Jewellery
 d - an amulet of the acrobat
Scrolls
 g - a scroll of immolation {unknown}
Potions
 b - 2 potions of magic
 c - a potion of resistance {unknown}
 f - 2 potions of flight {unknown}
 i - a potion of haste {unknown}
 j - a potion of invisibility {unknown}


   Skills:
 - Level 2.4 Dodging
 - Level 2.4 Stealth
 + Level 3.9 Spellcasting
 * Level 0.9 Conjurations
 - Level 1.1 Transmutations
 + Level 4.4 Earth Magic


You had 5 spell levels left.
You knew the following spells:

 Your Spells              Type           Power      Damage    Failure   Level
a - Sandblast             Erth           44%        2d11      1%          1
b - Stone Arrow           Conj/Erth      30%        3d8       12%         3

Your spell library contained the following spells:

 Spells                   Type           Power      Damage    Failure   Level
 Passwall                 Tmut/Erth      12%        N/A       6%          2
 Hailstorm                Conj/Ice       6%         3d4       30%         3
 Petrify                  Tmut/Erth      15%        N/A       36%         4
 Ice Form                 Ice/Tmut       6%         N/A       67%         4
 Simulacrum               Ice/Necr       2%         N/A       100%        6


Dungeon Overview and Level Annotations

Branches:
Dungeon (2/15)

Altars:


Message History

A quokka comes into view.
The blast of sand hits the adder!
You kill the adder!
You miscast Sandblast.
You are very lightly contaminated with residual magic.
Nothing appears to happen.
The blast of sand hits the quokka.
The quokka is almost dead.
The blast of sand hits the quokka.
You kill the quokka!
You can't see any susceptible monsters within range! (Use Z to cast anyway.)
Your magical contamination has completely faded away.
Found a club.
You see here an adder corpse.
An iguana comes into view.
The iguana hisses angrily.
The blast of sand misses the iguana.
A rat comes into view.
The blast of sand hits the iguana but does no damage.
The iguana misses you.
The blast of sand hits the iguana.
The iguana is moderately wounded.
The iguana bites you!
Ouch! That really hurt!
You are too injured to fight recklessly!
You are too injured to fight recklessly!
You are too injured to fight recklessly!
Casting: Sandblast (safe; 1% risk of failure)
Confirm with . or Enter, or press ? or * to list all spells.
Okay, then.
Casting: Sandblast (safe; 1% risk of failure)
Confirm with . or Enter, or press ? or * to list all spells.
Aiming: Sandblast (safe; 1% risk of failure)
Press: ? - help, Shift-Dir - straight line, f/p - iguana
Aim: an iguana (moderately wounded, 85% to hit)
The blast of sand hits the iguana but does no damage.
The iguana is moderately wounded.
The iguana bites you!
Ouch! That really hurt!
You die...

## . #. .### ... #.#
#)### ##lr.###
#.@#...###
#..##....#####
#..#..#..†..'.###
#.#.....##.##...###
...........#......##
#..#.....#.##.##.#...
.. #.#.....#.....###.
#+#.....##.##......
## ##...
..#........#.


You could see an iguana and a rat.

Vanquished Creatures
  A gnoll (D:1)
  An adder (D:2)
  A worm (D:2)
  A dart slug (D:1)
  6 ball pythons
  An endoplasm (D:2)
  A giant cockroach (D:1)
  3 hobgoblins (D:1)
  3 jackals (D:1)
  A quokka (D:2)
  A frilled lizard (D:1)
  4 goblins (D:1)
  A kobold (D:1)
25 creatures vanquished.

Notes
Turn   | Place    | Note
-------+----------+-------------------------------------------
     0 | D:1      | snakesoul the Deep Elf Earth Elementalist began the quest
                  | for the Orb.
     0 | D:1      | Reached XP level 1. HP: 10/10 MP: 6/6
   226 | D:1      | Reached XP level 2. HP: 15/15 MP: 5/8
   228 | D:1      | Reached skill level 4 in Earth Magic
   503 | D:1      | Reached XP level 3. HP: 19/19 MP: 8/10
   818 | D:1      | Learned a level 3 spell: Stone Arrow
   982 | D:2      | Slain by an iguana

Illustrated notes

Levels and vault maps discovered:
D:1:      dpeg_arrival_round_c, layout_basic
D:2:      minmay_skewed_foursquare, layout_basic, uniq_robin

Skill      XL: |  1  2 |
---------------+-------+-----
Earth Magic    | 4 |  4.4
Dodging        | |  2.4
Stealth        | |  2.4
Spellcasting   | |  3.9
Conjurations   | |  0.9
Transmutations | |  1.1

Action                     || total
---------------------------++-------
   Cast: Sandblast         ||    39
 Armour: Robe              ||     4
  Dodge: Dodged            ||     9
